 Dungeon Crawl Stone Soup version 0.31-a0-152-g6aa68a64a1 (webtiles) character file.

Game seed: 17092524313798638526

51 qw the Shooter (level 3, -4/32 HPs)
             Began as a Naga Hunter on June 10, 2023.
             Slain by a goblin
             ... wielding a +0 club
             ... led by Robin
              (5 damage)
             ... on level 2 of the Dungeon.
             The game lasted 00:00:20 (677 turns).

qw the Shooter (Naga Hunter)                         Turns: 677, Time: 00:00:20

Health: -4/32      AC:  3    Str: 13    XL:     3   Next: 81%
Magic:  3/3        EV:  9    Int:  9    God:
Gold:   78         SH:  0    Dex: 16    Spells: 2/2 levels left

rFire   . . .        Y - +0 shortbow
rCold   . . .        (shield currently unavailable)
rNeg    . . .        c - +0 leather armour
rPois   +            e - +0 helmet
rElec   .            (no cloak)
rCorr   .            (no gloves)
SInv    +            (no barding)
Will    .....        (no amulet)
Stlth   ++           (no ring)
HPRegen 0.25/turn    (no ring)
MPRegen 0.08/turn

%: no passive effects
@: very slow
A: AC +1, large, see invisible, deformed body, poison resistance, slowness 2,
spit poison 1, naga tail 1
a: Spit Poison


You were on level 2 of the Dungeon.
You visited 1 branch of the dungeon, and saw 2 of its levels.

You collected 106 gold pieces.
You spent 28 gold pieces at shops.


Innate Abilities, Weirdness & Mutations

Your serpentine skin is tough. (AC +1)
You have supernaturally acute eyesight. (SInv)
Armour fits poorly on your strangely shaped body.
Your system is resistant to poisons. (rPois)
You cover ground very slowly.
You can spit poison.
You have a snake-like lower body.


   Skills:
 - Level 2.0 Fighting
 + Level 4.9 Ranged Weapons
 - Level 1.5 Dodging
 - Level 1.5 Stealth


You had 2 spell levels left.
You didn't know any spells.
Your spell library was empty.

Inventory:

Hand Weapons
 Y - a +0 shortbow (weapon)
Armour
 c - a +0 leather armour (worn)
 e - a +0 helmet (worn)
Scrolls
 h - 6 scrolls of identify
Potions
 a - 2 potions of mutation {unknown}
 d - a potion of might
 i - a potion of brilliance {unknown}

Dungeon Overview and Level Annotations

Branches:
Dungeon (2/15)

Altars:

Shops:
D:1 ?   D:2 (

Annotations:
D:2 Robin


Message History

Press: ? - help, Shift-Dir - straight line, f - goblin The splash of poison misses the goblin.
The splash of poison hits the hobgoblin.
The hobgoblin is poisoned.
The hobgoblin is heavily wounded.
The goblin hits you with a +0 club. Robin throws the goblin at you!
The goblin barely misses you.
You shoot an arrow.
The arrow hits the hobgoblin but does no damage.
The hobgoblin is severely wounded.
You hear a shout!
The goblin barely misses you. The hobgoblin hits you.
A goblin comes into view. It is wielding a +0 dagger.
The goblin closely misses you.
You shoot an arrow. The arrow hits the hobgoblin.
You kill the hobgoblin!
You have got your breath back.
The goblin barely misses you. The goblin hits you with a +0 dagger.
The goblin shoots a sling bullet.
The sling bullet hits you. The goblin hits you with a +0 dagger.
The goblin hits you with a +0 club. Robin throws the goblin at you!
675 ||| INVOKING Spit Poison.
Aiming: Spit Poison (2% risk of failure)
Press: ? - help, Shift-Dir - straight line, f - goblin The splash of poison hits the goblin!
You kill the goblin!
The goblin hits you with a +0 dagger. The goblin misses you.
A hobgoblin comes into view.
The goblin hits you with a +2 dagger of venom.
You shoot an arrow. The arrow hits the goblin.
You kill the goblin!
The goblin unwields a +0 sling.
The goblin wields a +0 dagger.
The goblin hits you with a +0 dagger. The goblin hits you with a +0 club.
A goblin comes into view. It is wielding a +0 dagger.
The goblin closely misses you.
You shoot an arrow. The arrow hits the goblin.
The goblin is moderately wounded.
You have got your breath back.
The goblin hits you with a +0 dagger. The goblin hits you with a +0 club.
You die...

#.......\....##.##
#.######.#.........
### #....##...g#
##.........#
#.......))
######........g
#...........gg#
#...........gg#
#[.)...[....g@#
#.).........))#
#.............###
#.............#.#
#..........)....#
#####.....##'##.#
#.....##<##.#
#.....##.##.#
#.....##....#


You could see Robin, a hobgoblin (strong) and 5 goblins.

Vanquished Creatures
  An adder (D:2)
  A worm (D:2)
  A dart slug (D:2)
  3 bats
  2 endoplasms
  A giant cockroach (D:1)
  9 goblins
  4 hobgoblins
  3 kobolds
  A quokka (D:1)
  3 ball pythons (D:1)
  5 rats
34 creatures vanquished.

Notes
Turn   | Place    | Note
-------+----------+-------------------------------------------
     0 | D:1      | qw the Naga Hunter began the quest for the Orb.
     0 | D:1      | Reached XP level 1. HP: 19/19 MP: 1/1
     0 | D:1      | 0 ||| qw: Version: 0.2-a-29-g767f381
     0 | D:1      | 0 ||| qw: Game counter: 3896
     0 | D:1      | 0 ||| qw: Always use a shield: true
     0 | D:1      | 0 ||| qw: God list: Okawaru
     0 | D:1      | 0 ||| qw: Allow faded altars: false
     0 | D:1      | 0 ||| qw: Do Orc after D:15 true
     0 | D:1      | 0 ||| qw: Do second Lair branch before Depths: true
     0 | D:1      | 0 ||| qw: Lair rune preference: random
     0 | D:1      | 0 ||| qw: Plans: Normal
     0 | D:1      | 0 ||| PLANNING D:1-11
    30 | D:1      | 30 ||| INVOKING Spit Poison.
    45 | D:1      | 45 ||| INVOKING Spit Poison.
    69 | D:1      | 69 ||| INVOKING Spit Poison.
    70 | D:1      | 70 ||| INVOKING Spit Poison.
   139 | D:1      | Reached skill level 4 in Ranged Weapons
   139 | D:1      | Reached XP level 2. HP: 26/26 MP: 2/2
   139 | D:1      | 139 ||| INVOKING Spit Poison.
   250 | D:1      | 250 ||| INVOKING Spit Poison.
   314 | D:1      | 314 ||| INVOKING Spit Poison.
   332 | D:1      | 332 ||| INVOKING Spit Poison.
   437 | D:1      | Found Quzxocoo's Magic Scroll Emporium.
   441 | D:1      | 441 ||| SHOPLISTING scroll of enchant armour (105 gold,
                  | have 49).
   441 | D:1      | 441 ||| SHOPLISTING scroll of enchant weapon (105 gold,
                  | have 49).
   441 | D:1      | 441 ||| BUYING scroll of identify (28 gold).
   441 | D:1      | Bought a scroll of identify for 28 gold pieces
   441 | D:1      | 441 ||| SHOPLISTING scroll of identify (28 gold, have 21).
   441 | D:1      | 441 ||| SHOPLISTING scroll of teleportation (42 gold, have
                  | 21).
   461 | D:1      | 461 ||| UPGRADING to +0 helmet.
   466 | D:1      | 466 ||| READING scroll labelled WACKITEJOI.
   467 | D:1      | 467 ||| READING scroll labelled LIWKIUCS VIUD.
   472 | D:1      | 472 ||| READING 2 scrolls of identify.
   472 | D:1      | 472 ||| IDENTIFYING silvery potion
   473 | D:1      | 473 ||| DROPPING scroll of butterflies.
   497 | D:2      | 497 ||| INVOKING Spit Poison.
   517 | D:2      | 517 ||| INVOKING Spit Poison.
   541 | D:2      | 541 ||| INVOKING Spit Poison.
   551 | D:2      | Reached XP level 3. HP: 32/32 MP: 3/3
   554 | D:2      | 554 ||| INVOKING Spit Poison.
   557 | D:2      | Found Mitiwul's Weapon Emporium.
   560 | D:2      | 560 ||| INVOKING Spit Poison.
   574 | D:2      | 574 ||| INVOKING Spit Poison.
   602 | D:2      | 602 ||| INVOKING Spit Poison.
   607 | D:2      | 607 ||| INVOKING Spit Poison.
   634 | D:2      | 634 ||| INVOKING Spit Poison.
   667 | D:2      | 667 ||| INVOKING Spit Poison.
   668 | D:2      | Noticed Robin
   672 | D:2      | 672 ||| INVOKING Spit Poison.
   675 | D:2      | 675 ||| INVOKING Spit Poison.
   675 | D:2      | HP: 7/32 [goblin/+2 dagger of venom[Robin] (4)]
   676 | D:2      | HP: 2/32 [goblin/+0 club[Robin] (4)]
   677 | D:2      | Slain by a goblin

Levels and vault maps discovered:
D:1:      psy_arrival_fountain, layout_rooms, serial_shops,
          nicolae_shop_peninsula, minivault_19, minmay_misc_feat_hallway
D:2:      layout_basic, serial_shops, nicolae_shop_crystal,
          kennysheep_generic_room_12, uniq_robin

Skill      XL: |  1 |
---------------+----+-----
Ranged Weapons | 4 |  4.9
Fighting       | |  2.0
Dodging        | |  1.5
Stealth        | |  1.5

Action                     || total
---------------------------++-------
   Fire: Shortbow          ||    47
Ability: Spit Poison       ||    19
    Use: Scroll            ||     3
 Armour: Leather armour    ||     4
  Dodge: Dodged            ||     9

Table legend:
 A = Non-vault XP
 B = Vault XP
 C = Vault XP percentage of total XP
 D = Non-vault monster count
 E = Vault monster count
 F = Vault count percentage of total count
                 A         B        C        D         E       F
            +---------+---------+-------+---------+---------+-------
      Total |      62 |      11 |  15.1 |      28 |       6 |  17.6
            +---------+---------+-------+---------+---------+-------
        D:1 |      25 |       0 |   0.0 |      15 |       0 |   0.0
        D:2 |      37 |      11 |  22.9 |      13 |       6 |  31.6
            +---------+---------+-------+---------+---------+-------
